cohdb
Replays
Latest Replays
All Replays
Popular Replays
Top Player Replays
Match Explorer
How It Works
Community
CoH3 Stats
Reddit
Sign in to upload your games and track your stats! →
Sign in with Steam
Match 39716914
Unlisted
Match 39716914
Overview
Messages
Build Orders
End
Kettenkrad Recon Vehicle
Construct Infanterie Kompanie
Selects Terror Battlegroup
Selects Machine Gun Camouflage
MG 42 Machine Gun Team
Grenadier Squad
Grenadier Squad
Construct Panzergrenadier Kompanie
Selects Contempt for the Weak
MG 42 Machine Gun Team
Medical Station
251 Medium Carrier
Pak 40 Anti-tank Gun Team
MG 42 Bunker
Infanterie Officer Quarters
Panzergrenadier Squad
MG 42 Bunker
Support Elements
StuG III G Assault Gun
Construct Panzer Kompanie
Selects Defend the Fatherland
Jkzc
Mr Freemon
shootinputin
BladesofD00m
Kanade
DOGGI
Bland Blended Brand
Chicken
0
0
Comments
sign in to comment!
No comments posted yet!